 Dungeon Crawl Stone Soup version 0.28.0-43-g3370ac3207 (webtiles) character file.

Game seed: 8619162445078009482

112 adizb the Skirmisher (level 4, -1/37 HPs)
             Began as a Palentonga Fighter on Mar 14, 2022.
             Slain by an adder (3 damage)
             ... on level 2 of the Dungeon.
             The game lasted 00:05:15 (837 turns).

adizb the Skirmisher (Palentonga Fighter)            Turns: 837, Time: 00:05:16

Health: -1/37      AC:  6    Str: 27    XL:     4   Next: 63%
Magic:  4/4        EV:  8    Int:  8    God:
Gold:   26         SH:  4    Dex: 10    Spells: 3/3 levels left

rFire   . . .      SeeInvis +   a - +0 flail
rCold   . . .      Faith    .   c - +0 buckler
rNeg    . . .      Spirit   .   b - +0 scale mail
rPois   .          Reflect  .   (no helmet)
rElec   .          Harm     .   (no cloak)
rCorr   .          Rampage  .   (no gloves)
Will    .....                   (no barding)
Stlth   ..........              (no amulet)
HPRegen 0.12/turn               h - +6 ring of strength
MPRegen 0.09/turn               (no ring)

@: lethally poisoned (-1 -> -7), invisible
A: large, rugged brown scales 3, see invisible, deformed body, roll 1, armoured
tail
a: Rolling Charge


You were on level 2 of the Dungeon.
You visited 1 branch of the dungeon, and saw 2 of its levels.

You collected 26 gold pieces.

Inventory:

Hand Weapons
 a - a +0 flail (weapon)
Armour
 b - a +0 scale mail (worn)
 c - a +0 buckler (worn)
 f - a +0 plate armour
Jewellery
 h - a +6 ring of strength (left hand)
Scrolls
 d - a scroll of enchant weapon {unknown}
 e - 2 scrolls of identify {unknown}
 g - a scroll of magic mapping {unknown}
 k - a scroll of teleportation {unknown}
Potions
 j - a potion of might


   Skills:
 + Level 3.5 Fighting
 + Level 2.8 Maces & Flails
 + Level 2.9 Armour
 + Level 1.3 Dodging
 + Level 2.9 Shields


You had 3 spell levels left.
You didn't know any spells.
Your spell library was empty.

Dungeon Overview and Level Annotations

Branches:
Dungeon (2/15)

Altars:


Innate Abilities, Weirdness & Mutations

You are completely covered in rugged brown scales. (AC +3, +7% HP)
You have supernaturally acute eyesight. (SInv)
Armour fits poorly on your strangely shaped body.
You can roll at nearby foes to attack.
You have a long armoured tail.


Message History

Found a stone staircase leading down.
An adder comes into view.
The adder hisses angrily.
Roll where?
Press: ? - help, Q - select action Dir - move target, f - adder
Aim: an adder You roll forward with a clatter of scales!
You closely miss the adder. You tail-slap the adder.
The adder is heavily wounded.
The adder bites you.
You are poisoned.
The adder poisons you!
You closely miss the adder.
The adder is heavily wounded.
You feel sick. The adder bites you. x2
You barely miss the adder.
The adder is heavily wounded.
You feel sick. The adder bites you.
* * * LOW HITPOINT WARNING * * *
You are more poisoned.
The adder poisons you! The adder barely misses you.
You barely miss the adder.
Your tail-slap misses the adder.
The adder is heavily wounded.
* * * LOW HITPOINT WARNING * * *
You feel very sick. The adder barely misses you.
It was a potion of invisibility.
You fade into invisibility!
* * * LOW HITPOINT WARNING * * *
You feel sick. You block the adder's attack. The adder bites you.
* * * LOW HITPOINT WARNING * * *
You are more poisoned.
The adder poisons you!
You barely miss the adder.
The adder is heavily wounded.
* * * LOW HITPOINT WARNING * * *
You feel very sick. The adder bites you.
You die...

............#
#.####.####.####
# #>........#
#<# ######.##.#
..# #.##.# ###
#.##.# #.##.#
#.##.#########
#####
#.##..@S......
....#
#.###########.
###.#### #.#
.......# #.#
###.##.# #.#
#.##.# #.# #
#.##.####.# #
#.##.#....#
....##.#.#####


You could see an adder.

Vanquished Creatures
  Terence (D:2)
  An adder (D:2)
  4 gnolls
  A ball python (D:1)
  An endoplasm (D:2)
  A giant cockroach (D:1)
  4 hobgoblins (D:1)
  2 jackals (D:1)
  5 kobolds
  5 quokkas (D:1)
  5 bats
  A frilled lizard (D:1)
  4 goblins
35 creatures vanquished.

Notes
Turn   | Place    | Note
-------+----------+-------------------------------------------
     0 | D:1      | adizb the Palentonga Fighter began the quest for the Orb.
     0 | D:1      | Reached XP level 1. HP: 19/19 MP: 1/1
    35 | D:1      | Reached XP level 2. HP: 12/23 MP: 2/2
   402 | D:1      | Found a faded altar of an unknown god.
   471 | D:1      | Reached XP level 3. HP: 21/31 MP: 3/3
   555 | D:2      | Noticed Terence
   564 | D:1      | Reached skill level 1 in Dodging
   732 | D:2      | Reached XP level 4. HP: 22/37 MP: 4/4
   756 | D:2      | Killed Terence
   837 | D:2      | Slain by an adder

Illustrated notes

Levels and vault maps discovered:
D:1:      grunt_arrival_lava_bath, layout_basic, ebering_ecumenical_altar_rust
D:2:      layout_loops_ring, basic_altar, minmay_pentomino_r4, uniq_jessica,
          uniq_terence

Skill      XL: |  1  2  3 |
---------------+----------+-----
Dodging        | 1 |  1.3
Fighting       | |  3.5
Maces & Flails | |  2.8
Armour         | |  2.9
Shields        | |  2.9

Action                   |  1- 3 |  4- 6 || total
-------------------------+-------+-------++-------
Melee: Flail             |   109 |    17 ||   126
       Tailslap          |     8 |     3 ||    11
 Abil: Rolling Charge    |    14 |     4 ||    18
  Use: Potion            |       |     2 ||     2
Armor: Scale mail        |    49 |     6 ||    55
Dodge: Dodged            |    41 |     6 ||    47
Block: Buckler           |    21 |     3 ||    24
